 Dungeon Crawl Stone Soup version 0.31-a0-549-gf98fd537a9 (webtiles) character file.

Game seed: 1848989761650620343

704 Ethylacetat the Ducker (level 7, -3/49 HPs)
             Began as an Octopode Gladiator on Aug 16, 2023.
             Succumbed to a gnoll's poison
             ... on level 5 of the Dungeon.
             The game lasted 00:04:35 (3366 turns).

Ethylacetat the Ducker (Octopode Gladiator)         Turns: 3366, Time: 00:04:35

Health: -3/49      AC:  5    Str: 13    XL:     7   Next: 67%
Magic:  7/7        EV: 16    Int: 10    God:
Gold:   57         SH:  0    Dex: 22    Spells: 6/6 levels left

rFire   + . .        u - +5 dagger "Bejuci Soi" {drain, Will+}
rCold   + . .        (no shield)
rNeg    . . .        a - +0 hat
rPois   +            (no amulet)
rElec   +            f - +4 ring of protection
rCorr   +            j - +6 ring of dexterity
SInv    .            (no ring)
Will    +....        (no ring)
Stlth   ++++         (no ring)
HPRegen 0.28/turn    (no ring)
MPRegen 0.10/turn    (no ring)
                     (no ring)

%: no passive effects
@: lethally poisoned (-3 -> -23), resistant, invisible
A: almost no armour, amphibious, 8 rings, camouflage 1, gelatinous body 1,
(nimble swimmer 1), tentacles
a: no special abilities


You were on level 5 of the Dungeon.
You visited 1 branch of the dungeon, and saw 5 of its levels.

You collected 134 gold pieces.
You spent 77 gold pieces at shops.

Inventory:

Hand Weapons
 k - a +1 dagger of speed
 u - the +5 dagger "Bejuci Soi" (weapon) {drain, Will+}
   (You found it on level 4 of the Dungeon)

   Will+:     It increases your willpower.
Missiles
 b - 3 throwing nets (quivered)
 c - 4 javelins
Armour
 a - a +0 hat (worn)
Jewellery
 f - a +4 ring of protection (left tentacle)
 j - a +6 ring of dexterity (right tentacle)
 v - an amulet of guardian spirit
Wands
 w - a wand of charming (4)
 x - a wand of polymorph (12)
Scrolls
 d - a scroll of fog {unknown}
 e - 4 scrolls of identify {unknown}
 l - a scroll of vulnerability {unknown}
 n - 3 scrolls of enchant weapon {unknown}
 o - a scroll of revelation {unknown}
 q - 4 scrolls of teleportation {unknown}
 t - a scroll of amnesia {unknown}
Potions
 g - a potion of lignification
 h - a potion of magic {unknown}
 i - a potion of ambrosia {unknown}
 m - a potion of resistance
 p - a potion of curing {unknown}
 r - a potion of invisibility
 s - 2 potions of might


   Skills:
 + Level 4.7 Fighting
 + Level 3.0 Short Blades
 - Level 2.0 Throwing
 + Level 5.2 Dodging
 + Level 4.3 Stealth
 - Level 4.0 Unarmed Combat


You had 6 spell levels left.
You didn't know any spells.
Your spell library contained the following spells:

 Spells                   Type           Power      Damage    Failure   Level
 Freeze                   Ice            0%         1d3       36%         1
 Slow                     Hex            0%         N/A       36%         1
 Confusing Touch          Hex            0%         N/A       75%         3
 Frozen Ramparts          Ice            0%         1d1       75%         3
 Hailstorm                Conj/Ice       0%         3d3       75%         3
 Vampiric Draining        Necr           0%         2d6       75%         3


Dungeon Overview and Level Annotations

Branches:
Dungeon (5/15)
 Temple: D:4-7

Altars:

Shops:
D:4 !


Innate Abilities, Weirdness & Mutations

You cannot wear most types of armour.
You are amphibious.
You can wear up to eight rings at the same time.
Your skin changes colour to match your surroundings (Stealth+).
Your rubbery body absorbs attacks. (AC +1, EV +1)
((You are camouflaged when in or above water. (Stealth+)))
You have tentacles for arms and can constrict up to eight enemies at once.


Message History

You barely miss the phantom. You squeeze the phantom.
You destroy the phantom!
Your Short Blades skill increases to level 3!
A gnoll comes into view. It is wielding a +0 flail.
You see here a +1 hand axe of venom.
You open the door.
Found a whip.
There is an open door here.
An iguana comes into view.
You hear the slow rusting of a very distant drain.
The gnoll misses you.
The gnoll hits you from afar with a +2 spear of venom.
You are poisoned.
You feel very sick.
The gnoll hits you with a +2 spear of venom.
You are more poisoned.
There is an open door, spattered with blood here.
You barely miss the gnoll. Your grab misses the gnoll.
You feel very sick.
You hit the gnoll. Your grab misses the gnoll.
The gnoll is moderately wounded.
You feel very sick.
The gnoll hits you with a +2 spear of venom!
You are lethally poisoned!
The iguana bites you.
You hit the gnoll. Your grab misses the gnoll.
The gnoll is severely wounded.
* * * LOW HITPOINT WARNING * * *
You feel very sick. The gnoll barely misses you. The iguana misses you.
It was a potion of resistance.
You feel protected.
* * * LOW HITPOINT WARNING * * *
You feel very sick. The iguana closely misses you.
The gnoll hits you with a +2 spear of venom!
* * * LOW HITPOINT WARNING * * *
It was a potion of invisibility.
You fade into invisibility!
You die...

........##
...8...).#
......$..####
............#
...$....###.########
......### #.)##....#
#...#######.......?#
..#####.........g..#
###...#.###....#@###
....#.#........#l#
#####...###.#....# #
###.#......###
#.#........
#.#........#
#.#........#
#.#...).. ..#......


You could see an iguana (unable to see you) and a gnoll (unable to see you).

Vanquished Creatures
  Sigmund (D:3)
  A sky beast (D:4)
  A phantom (D:5)
  A howler monkey (D:4)
  A hound (D:4)
  An orc priest (D:3)
  Natasha (thrice) (D:3)
  11 adders
  5 dart slugs
  4 orcs
  14 endoplasms
  A giant cockroach (D:2)
  8 hobgoblins
  9 jackals
  2 quokkas
  8 ball pythons
  A bat (D:3)
  5 frilled lizards
  7 goblins
  7 kobolds
  5 rats
96 creatures vanquished.

Notes
Turn   | Place    | Note
-------+----------+-------------------------------------------
     0 | D:1      | Ethylacetat the Octopode Gladiator began the quest for the
                  | Orb.
     0 | D:1      | Reached XP level 1. HP: 14/14 MP: 1/1
   164 | D:1      | Reached XP level 2. HP: 19/19 MP: 2/2
   400 | D:1      | Reached XP level 3. HP: 21/25 MP: 3/3
   967 | D:2      | Reached XP level 4. HP: 30/30 MP: 4/4
  1494 | D:2      | Reached skill level 4 in Dodging
  1494 | D:2      | Reached XP level 5. HP: 36/36 MP: 5/5
  1805 | D:3      | Noticed Natasha
  1809 | D:3      | Killed Natasha
  1810 | D:3      | Reached skill level 1 in Stealth
  1898 | D:3      | Reached skill level 1 in Short Blades
  1952 | D:3      | Reached XP level 6. HP: 40/43 MP: 6/6
  1965 | D:3      | Found a faded altar of an unknown god.
  2029 | D:3      | Noticed Sigmund
  2056 | D:3      | Killed Sigmund
  2369 | D:3      | Noticed Natasha
  2385 | D:3      | Killed Natasha
  2468 | D:3      | Noticed Natasha
  2477 | D:3      | Killed Natasha
  2478 | D:3      | Reached XP level 7. HP: 48/48 MP: 7/7
  2701 | D:4      | Identified the +5 dagger "Bejuci Soi" {drain, Will+}
  2732 | D:4      | Found Korch's Distillery.
  2740 | D:4      | Reached skill level 5 in Dodging
  2740 | D:4      | Bought a potion of might for 44 gold pieces
  2740 | D:4      | Bought a potion of lignification for 33 gold pieces
  3254 | D:5      | Entered Level 5 of the Dungeon
  3365 | D:5      | HP: 2/49 [gnoll/+2 spear of venom[a gnoll bouda] (7)]
  3366 | D:5      | Succumbed to a gnoll's poison

Illustrated notes

Levels and vault maps discovered:
D:1:      dpeg_arrival_central, layout_basic
D:2:      layout_loops_corners, minmay_snake_closets
D:3:      layout_basic, shapermc_ecumenical_altar_petra, uniq_natasha,
          uniq_sigmund
D:4:      layout_loops_cross, serial_shops, nicolae_shop_trees,
          grunt_decor_one_mirror, chequers_serial_rivers_small_3,
          minmay_misc_feat_rows
D:5:      minmay_skewed_foursquare, layout_basic, portal_sewer_entry_a,
          minmay_liquid_box

Skill      XL: |  1  2  3  4  5  6  7 |
---------------+----------------------+-----
Fighting       | 3 4 |  4.7
Dodging        | 4 5 |  5.2
Unarmed Combat | 4 |  4.0
Stealth        | 1 3 4 |  4.3
Short Blades   | 1 2 3 |  3.0
Throwing       | |  2.0

Action                     |  1- 3 |  4- 6 |  7- 9 || total
---------------------------+-------+-------+-------++-------
  Melee: Unarmed           |    22 |       |       ||    22
         Constrict         |    14 |    27 |     5 ||    46
         Tentacles         |    12 |    26 |    11 ||    49
         Dagger            |    40 |   117 |    44 ||   201
         Punch             |     1 |     3 |     1 ||     5
    Use: Potion            |       |       |     2 ||     2
   Stab: Sleeping          |     6 |    18 |     3 ||    27
         Distracted        |       |     2 |       ||     2
 Armour: Skin              |     2 |    11 |     6 ||    19
  Dodge: Dodged            |    28 |    56 |    18 ||   102

Table legend: (Time is in decaauts)
 A = Elapsed time spent in this place.
 B = Non-inter-level travel time spent in this place.
 C = Inter-level travel time spent in this place.
 D = Time resting spent in this place.
 E = Time spent auto-exploring this place.
 F = Levels seen in this place.
 G = Mean time per level.
                   A        B        C        D        E       F      G
               +--------+--------+--------+--------+--------+-----+--------+
         Total |   3303 |   3231 |     72 |      0 |   2621 |   5 |  660.6 |
       Dungeon |   3303 |   3231 |     72 |      0 |   2621 |   5 |  660.6 |
               +--------+--------+--------+--------+--------+-----+--------+

Top non-repeatable levels by time:
     D:2: 834 daAuts
     D:3: 824 daAuts
     D:1: 784 daAuts
     D:4: 751 daAuts
     D:5: 109 daAuts
